 Dungeon Crawl Stone Soup version 0.21.1-1-g345015f (webtiles) character file.

3775 wojtek the Cleaver (level 9, -3/78 HPs)
             Began as a Minotaur Fighter on July 21, 2018.
             Was a Believer of Makhleb.
             Drowned by a water nymph (7 damage)
             ... in a bailey.
             The game lasted 00:13:47 (8708 turns).

wojtek the Cleaver (Minotaur Fighter)               Turns: 8708, Time: 00:13:48

Health: -3/78      AC: 13    Str: 25    XL:     9   Next: 95%
Magic:  0/11       EV:  9    Int:  5    God:    Makhleb [**....]
Gold:   306        SH: 11    Dex:  9    Spells: 8/8 levels left

rFire    . . .     SeeInvis .   a - +0 war axe
rCold    + . .     Gourm    .   c - +0 shield
rNeg     . . .     Faith    .   v - +0 chain mail
rPois    .         Spirit   +   (helmet restricted)
rElec    .         Reflect  .   p - +0 cloak
rCorr    .         Harm     .   G - +0 pair of gloves
MR       .....                  (no boots)
Stlth    ..........             C - amulet of guardian spirit
HPRegen  0.23/turn              A - ring of protection from cold
MPRegen  0.12/turn              (no ring)

@: no status effects
A: retaliatory headbutt, horns 2
a: Minor Destruction, Renounce Religion


You were in a bailey.
You worshipped Makhleb.
Makhleb was pleased with you.
You were not hungry.

You visited 2 branches of the dungeon, and saw 8 of its levels.
You also visited: Sewer and Bailey.

You collected 306 gold pieces.

Inventory:

Hand Weapons
 a - a +0 war axe (weapon)
 e - a +1 hand axe of flaming
Missiles
 B - 3 throwing nets (quivered)
Armour
 c - a +0 shield (worn)
 p - a +0 cloak (worn)
 s - a +0 pair of gloves
 v - a +0 chain mail (worn)
 G - a +0 pair of gloves (worn)
Jewellery
 A - a ring of protection from cold (left hand)
 C - an amulet of guardian spirit (around neck)
Wands
 m - a wand of enslavement (3)
 o - a wand of polymorph (8)
 y - a wand of flame (32)
Scrolls
 b - a scroll of teleportation {unknown}
 g - 4 scrolls of amnesia {unknown}
 j - 7 scrolls of remove curse {unknown}
 l - 7 scrolls of identify
 q - a scroll of fear {unknown}
 r - a scroll of magic mapping
 x - a scroll of immolation {unknown}
 D - a scroll of fog {unknown}
 F - a scroll of blinking {unknown}
Potions
 h - 8 potions of curing
 i - a potion of magic
 k - a potion of lignification
 n - a potion of agility {unknown}
 t - 3 potions of brilliance
 u - 2 potions of flight {unknown}
 w - a potion of haste {unknown}
 z - a potion of resistance {unknown}
 E - a potion of ambrosia {unknown}
 H - a potion of invisibility
Comestibles
 f - 13 rations


   Skills:
 + Level 6.8 Fighting
 * Level 9.7 Axes
 + Level 6.9 Armour
 + Level 5.1 Dodging
 + Level 6.8 Shields
 * Level 4.9 Invocations
 + Level 3.9 Evocations


You had 8 spell levels left.
You didn't know any spells.

Dungeon Overview and Level Annotations

Branches:
Dungeon (7/15)             Temple (1/1) D:5

Altars:
Ashenzari
Cheibriados
Dithmenos
Fedhas
Gozag
Hepliaklqana
Kikubaaqudgha
Makhleb
Nemelex Xobeh
Okawaru
Qazlal
Ru
Sif Muna
Trog
Uskayaw
Wu Jian
Xom
Yredelemnul
Zin
The Shining One

Shops:
D:7 }


Innate Abilities, Weirdness & Mutations

You reflexively headbutt those who attack you in melee.
You have a pair of horns on your head.


Message History

The water nymph points at you and mumbles some strange words.
The water swirls and strikes you!
* * * LOW HITPOINT WARNING * * *
You completely miss the water nymph. The water nymph closely misses you.
Unknown command.
You slash the water nymph!
You headbutt the water nymph, but do no damage.
The water nymph is heavily wounded.
The water nymph touches you. The water nymph drowns you!
* * * LOW HITPOINT WARNING * * *
Unknown command.
Things that are here:
a glaive; a scale mail Evoke which item? (* to show all) (? for menu, Esc to quit)
Aiming: Enslavement
Press: ? - help, Shift-Dir - straight line, f/p - water nymph
Aim: a water nymph (moderately wounded, chance to defeat MR: 4%)
The water nymph resists with almost no effort.
The water nymph touches you. The water nymph drowns you!
You die...

#...)...#
##..[..##
###'###
#.))#
#...#
#...#
#)..#
###)###
##..@).##
#..≈m≈..#
#..≈)≈..#
#..≈≈≈..#
#..≈)...#
#..≈≈...#
##.....##
##'''##
#..)..#


You could see a water nymph.

Vanquished Creatures
  An orc knight (Bailey)
  An elephant (Bailey)
  The ghost of grocchini the Digger, a novice GrEE of Sif Muna (D:6)
  A swamp worm (Bailey)
  Duvessa (D:4)
  5 orc warriors
  A phantom (D:6)
  The ghost of yogakurto the Vexing, an amateur HOAM (D:3)
  2 ogres
  A centaur (D:6)
  A big kobold (Sewer)
  Blork the orc (D:4)
  2 bullfrogs (D:6)
  Dowan (D:4)
  A scorpion (D:6)
  2 crimson imps
  3 orc priests
  2 jellies
  Crazy Yiuf (D:2)
  3 hounds
  Jessica (D:2)
  A centaur skeleton (D:3)
  5 iguanas
  3 orc wizards
  4 worker ants
  A hound zombie (D:6)
  2 hound skeletons (D:6)
  10 gnolls
  6 adders
  A river rat (Sewer)
  An ooze (D:3)
  An adder zombie (D:5)
  2 worms (D:3)
  3 dart slugs
  4 leopard geckos
  27 orcs
  A ball python (D:1)
  7 bats
  4 giant cockroaches
  13 goblins
  3 hobgoblins
  10 jackals
  4 quokkas
  3 frilled lizards
  11 kobolds
  A leopard gecko skeleton (D:4)
  6 rats
167 creatures vanquished.

Vanquished Creatures (collateral kills)
  An orc knight (Bailey)
  2 orc warriors (Bailey)
  8 orcs (Bailey)
11 creatures vanquished.

Vanquished Creatures (others)
  An orc knight (Bailey)
  3 orc warriors (Bailey)
  A human (D:5)
  4 orcs (Bailey)
9 creatures vanquished.

Grand Total: 187 creatures vanquished

Notes
Turn   | Place    | Note
-------+----------+-------------------------------------------
     0 | D:1      | wojtek the Minotaur Fighter began the quest for the Orb.
     0 | D:1      | Reached XP level 1. HP: 19/19 MP: 0/0
   157 | D:1      | Reached skill level 3 in Axes
   448 | D:1      | Reached XP level 2. HP: 25/26 MP: 1/1
  1004 | D:2      | Noticed Jessica
  1010 | D:2      | Killed Jessica
  1010 | D:2      | Reached skill level 4 in Axes
  1010 | D:2      | Reached XP level 3. HP: 23/31 MP: 2/2
  1228 | D:2      | Reached skill level 5 in Axes
  1410 | D:2      | Reached XP level 4. HP: 35/39 MP: 3/3
  1659 | D:2      | Found a runed door.
  1970 | D:2      | Noticed Crazy Yiuf
  1980 | D:2      | Killed Crazy Yiuf
  1980 | D:2      | Reached skill level 6 in Axes
  2097 | D:3      | Reached XP level 5. HP: 35/46 MP: 4/4
  2211 | D:3      | Reached skill level 1 in Dodging
  2390 | D:3      | Found a glowing drain.
  2419 | Sewer    | Entered a sewer
  2526 | Sewer    | Reached XP level 6. HP: 51/53 MP: 5/5
  2549 | Sewer    | Found a glowing silver altar of Zin.
  3086 | D:3      | Noticed yogakurto's ghost (amateur HOAM)
  3099 | D:3      | Killed yogakurto's ghost
  3562 | D:4      | Reached XP level 7. HP: 43/60 MP: 6/6
  3648 | D:4      | Noticed Duvessa
  3648 | D:4      | Noticed Dowan
  3664 | D:4      | Killed Duvessa
  3664 | D:4      | Reached skill level 5 in Fighting
  3664 | D:4      | Reached skill level 7 in Axes
  3664 | D:4      | Reached skill level 5 in Armour
  3672 | D:4      | Killed Dowan
  3672 | D:4      | Reached skill level 5 in Shields
  3672 | D:4      | Reached skill level 1 in Evocations
  3780 | D:4      | Noticed Blork the orc
  3789 | D:4      | Killed Blork the orc
  4217 | D:5      | Entered Level 5 of the Dungeon
  4247 | D:5      | Found a snail-covered altar of Cheibriados.
  4352 | D:5      | Reached XP level 8. HP: 44/68 MP: 8/8
  4479 | D:5      | Found a stormy altar of Qazlal.
  4568 | D:5      | Found a staircase to the Ecumenical Temple.
  4577 | Temple   | Entered the Ecumenical Temple
  4707 | Temple   | Became a worshipper of Makhleb the Destroyer
  5062 | D:5      | Found an ancient bone altar of Kikubaaqudgha.
  5351 | D:6      | Reached skill level 1 in Invocations
  5489 | D:6      | Reached skill level 8 in Axes
  5658 | D:6      | Found a hide-covered altar of Uskayaw.
  5685 | D:6      | Reached * piety under Makhleb
  5804 | D:6      | Noticed grocchini's ghost (novice GrEE)
  5872 | D:6      | HP: 2/70 [grocchini's ghost/stone arrow (25)]
  6210 | D:6      | Killed grocchini's ghost
  6761 | D:7      | Reached XP level 9. HP: 16/75 MP: 3/10
  7414 | D:7      | Found Huimal's Gadget Shop.
  7440 | D:7      | Found a flagged portal.
  7462 | Bailey   | Entered a bailey
  7724 | Bailey   | Reached skill level 9 in Axes
  7955 | Bailey   | Reached ** piety under Makhleb
  7969 | Bailey   | HP: 3/77 [orc warrior/glaive (8)]
  8002 | Bailey   | HP: 3/78 [orc warrior/glaive (4)]
  8362 | Bailey   | Noticed an orc knight
  8363 | Bailey   | Noticed an orc knight
  8366 | Bailey   | Noticed an orc knight
  8371 | Bailey   | Noticed an orc knight
  8375 | Bailey   | Killed an orc knight
  8462 | Bailey   | Killed an orc knight
  8462 | Bailey   | Reached skill level 5 in Dodging
  8466 | Bailey   | Noticed an elephant
  8466 | Bailey   | an orc knight changed into an elephant
  8478 | Bailey   | Killed an elephant
  8613 | Bailey   | Noticed an orc knight
  8614 | Bailey   | an orc knight changed into a swamp worm
  8684 | Bailey   | Noticed an orc knight
  8698 | Bailey   | Noticed a water nymph
  8698 | Bailey   | an orc knight changed into a water nymph
  8706 | Bailey   | HP: 3/78 [drowned by a water nymph (7)]
  8708 | Bailey   | Drowned by a water nymph

Skill      XL: |  1  2  3  4  5  6  7  8  9 |
---------------+----------------------------+-----
Axes           | 3 4 5 6 7 8 9 |  9.7
Dodging        | 1 2 3 4 5 |  5.1
Fighting       | 4 5 6 |  6.8
Armour         | 4 5 6 |  6.9
Shields        | 4 5 6 |  6.8
Evocations     | 2 3 |  3.9
Invocations    | 3 4 |  4.9

Action                   |  1- 3 |  4- 6 |  7- 9 || total
-------------------------+-------+-------+-------++-------
Melee: War axe           |    69 |   165 |   299 ||   533
       Headbutt          |    10 |    27 |    64 ||   101
       Unarmed           |       |     7 |       ||     7
Invok: Minor Destruction |       |       |     1 ||     1
Evoke: Wand              |       |       |    34 ||    34
  Use: Scroll            |       |       |     4 ||     4
       Potion            |       |       |     5 ||     5
 Stab: Invisible         |       |     1 |       ||     1
  Eat: Chunk             |     2 |     7 |    14 ||    23
       Ration            |       |       |     1 ||     1
Armor: Scale mail        |    29 |    47 |       ||    76
       Chain mail        |       |     5 |   143 ||   148
       Skin              |       |       |     5 ||     5
Dodge: Dodged            |    17 |    43 |    97 ||   157
Block: Shield            |    31 |    77 |   170 ||   278
